Map: World of Sleepers LE

Players

xSaintApocx - Winner!

  • Race: Terran Terran
  • League: Silver
  • Spawn Location: 1:00

Rifft

  • Race: Protoss Protoss
  • League: Silver
  • Spawn Location: 7:00

VOD

Have the link to the VOD?

Description

Time

  • Played on: Nov. 29, 2019, 2:11 a.m.
  • Length: 20:22
Show
View Real Time Build Order
Export as new Build Order

xSaintApocx Terran - Winner!

Build Orders:  

Get SALT Encoding   

  12  0:01  SCV  
  13  0:14  SCV  
  14  0:26  SCV  
  15  0:42  Supply Depot  
  15  0:48  Supply Depot  
  15  1:16  Barracks  
  15  1:30  Engineering Bay  
  15  1:47  Command Center  
  15  2:05  Marine  
  16  2:45  Marine  
  17  2:56  Supply Depot  
  17  2:57  Supply Depot  
  17  2:58  Supply Depot  
  17  2:59  Supply Depot  
  17  3:03  Marine  
  18  3:08  Barracks  
  18  3:11  Barracks  
  18  3:20  Marine  
  19  3:38  Marine  
  20  3:49  Missile Turret, SCV  
  21  3:56  Marine  
  21  4:01  SCV  
  23  4:13  SCV  
  24  4:25  SCV  
  24  4:26  Refinery  
  24  4:28  Refinery  
  25  4:34  SCV  
  25  4:37  SCV  
  27  4:41  Refinery  
  27  4:42  Refinery  
  27  4:47  SCV  
  27  4:49  SCV  
  29  4:59  SCV  
  30  5:02  SCV  
  31  5:11  SCV  
  31  5:14  SCV  
  33  5:23  SCV  
  33  5:26  SCV  
  35  5:45  Barracks Tech Lab x3  
  35  5:55  Factory  
  35  6:12  Planetary Fortress  
  35  6:13  Missile Turret  
  35  6:14  Command Center, Planetary Fortress  
  35  6:34  Missile Turret  
  35  6:45  Supply Depot  
  35  6:46  Supply Depot x2  
  35  6:47  Supply Depot x2  
  35  6:56  Starport, SCV  
  35  6:57  Starport  
  36  7:02  SCV  
  37  7:22  Starport  
  37  7:27  Refinery  
  37  7:44  Fusion Core  
  37  7:47  Armory  
  37  7:51  Armory  
  37  7:52  Refinery  
  37  7:58  Planetary Fortress  
  37  8:04  SCV  
  38  8:06  SCV  
  39  8:16  Missile Turret  
  39  8:22  SCV  
  39  8:24  SCV  
  41  8:35  Weapon Refit  
  41  8:36  SCV  
  41  8:39  Missile Turret  
  41  8:41  Terran Vehicle And Ship Armor Level 1  
  42  8:46  Terran Ship Weapons Level 1  
  42  8:48  SCV  
  42  8:51  SCV  
  44  8:59  SCV  
  44  9:00  SCV  
  46  9:03  SCV  
  47  9:11  SCV  
  47  9:13  SCV  
  49  9:22  Battlecruiser  
  49  9:23  SCV  
  56  9:25  SCV  
  57  9:36  SCV  
  57  9:37  Battlecruiser, SCV  
  65  9:48  SCV  
  66  9:53  Battlecruiser  
  66  10:27  Battlecruiser  
  72  10:41  Battlecruiser  
  78  10:56  Terran Ship Weapons Level 2  
  78  10:57  Battlecruiser  
  84  11:12  Terran Vehicle And Ship Armor Level 2  
  84  11:51  Command Center  
  84  11:58  Battlecruiser  
  90  12:08  Battlecruiser  
  84  13:04  Missile Turret  
  84  13:10  Battlecruiser x2  
  96  13:26  Missile Turret  
  96  13:28  Terran Ship Weapons Level 3  
  96  14:20  Battlecruiser x2  
  108  14:26  SCV  
  108  14:29  SCV  
  110  14:38  Supply Depot x2, SCV  
  110  14:41  Supply Depot, SCV  
  110  14:44  Supply Depot  
  112  14:47  Battlecruiser  
  112  14:50  SCV  
  119  14:53  SCV  
  120  15:03  SCV  
  120  15:05  SCV  
  122  15:15  SCV  
  122  15:17  SCV  
  124  15:25  Battlecruiser x2  
  136  15:40  Supply Depot  
  136  15:41  Supply Depot  
  136  15:43  Supply Depot x2  
  136  15:47  Barracks Tech Lab x2  
  136  15:51  Battlecruiser  
  136  15:54  Barracks Tech Lab  
  142  16:01  Starport  
  142  16:02  Starport  
  142  16:05  Supply Depot x2  
  142  16:14  Starport  
  116  17:03  Raven  
  111  17:52  Battlecruiser  
  111  17:53  Battlecruiser x4  
  117  18:35  Command Center  
  117  18:44  Battlecruiser  
  123  18:57  Battlecruiser  
Show
View Real Time Build Order
Export as new Build Order

Rifft Protoss 

Build Orders:  

Get SALT Encoding   

  12  0:01  Probe  
  13  0:14  Probe (Chrono Boost)  
  14  0:25  Probe (Chrono Boost)  
  14  0:27  Pylon  
  15  0:45  Probe  
  15  0:48  Gateway  
  16  0:57  Probe  
  17  1:04  Assimilator  
  17  1:10  Assimilator  
  17  1:21  Pylon  
  17  1:26  Probe  
  18  1:38  Probe  
  19  1:41  Cybernetics Core  
  19  1:43  Assimilator  
  19  1:47  Assimilator  
  19  1:50  Probe  
  19  1:51  Pylon  
  20  2:02  Probe  
  20  2:06  Pylon  
  21  2:14  Probe  
  21  2:27  Probe (Chrono Boost)  
  22  2:34  Warp Gate  
  23  2:38  Probe (Chrono Boost)  
  23  2:44  Probe (Chrono Boost), Gateway  
  23  2:46  Gateway  
  24  2:53  Probe  
  25  3:05  Probe  
  26  3:17  Probe  
  27  3:22  Stargate  
  27  3:23  Stargate  
  27  3:29  Nexus  
  27  3:32  Probe  
  28  3:44  Probe  
  29  3:56  Probe  
  30  4:08  Probe  
  31  4:19  Pylon  
  31  4:22  Pylon  
  31  4:34  Pylon  
  31  4:37  Void Ray, Assimilator  
  31  4:38  Probe (Chrono Boost)  
  36  4:40  Assimilator  
  36  4:42  Probe (Chrono Boost)  
  36  4:43  Pylon  
  36  4:44  Probe  
  38  4:54  Void Ray  
  38  4:56  Probe (Chrono Boost)  
  44  5:00  Probe (Chrono Boost)  
  45  5:08  Probe (Chrono Boost)  
  45  5:12  Stalker x2  
  49  5:16  Probe  
  49  5:19  Pylon  
  50  5:29  Probe x2  
  52  5:41  Probe x2  
  54  5:45  Fleet Beacon  
  54  5:51  Stalker  
  54  5:52  Stalker  
  54  5:53  Probe x2  
  60  6:05  Probe x2  
  60  6:08  Pylon  
  60  6:09  Pylon  
  62  6:14  Twilight Council  
  62  6:17  Gateway, Probe x2  
  64  6:29  Probe x2  
  66  6:41  Probe x2  
  66  6:43  Void Ray x2  
  76  6:53  Probe  
  77  6:55  Stalker  
  79  7:08  Probe  
  79  7:09  Probe  
  81  7:21  Probe  
  81  7:22  Probe  
  83  7:25  Stalker  
  83  7:26  Stalker x3  
  91  7:34  Probe x2  
  93  7:38  Blink  
  93  7:46  Probe  
  93  7:47  Probe  
  95  7:56  Tempest  
  100  7:58  Probe  
  100  8:00  Probe  
  102  8:08  Nexus  
  102  8:12  Assimilator  
  102  8:15  Pylon  
  102  8:19  Pylon  
  102  8:32  Pylon  
  102  8:33  Probe (Chrono Boost), Tempest  
  109  8:34  Pylon  
  109  8:36  Pylon  
  109  8:38  Pylon  
  109  8:39  Probe (Chrono Boost)  
  109  8:43  Probe (Chrono Boost)  
  109  8:47  Probe (Chrono Boost)  
  109  8:48  Probe (Chrono Boost)  
  112  8:57  Probe  
  113  9:16  Probe  
  115  9:17  Probe  
  115  9:18  Void Ray x2  
  123  9:33  Stalker x4  
  131  9:40  Probe  
  131  9:41  Probe x2, Dark Shrine  
  130  10:10  Probe x2  
  130  10:11  Probe  
  133  10:20  Tempest x2  
  143  10:30  Probe x2  
  145  10:37  Stalker  
  145  10:38  Stalker x3  
  153  10:43  Pylon  
  153  10:44  Pylon, Probe x3  
  153  10:46  Pylon  
  156  10:55  Assimilator  
  156  10:56  Probe  
  157  10:58  Assimilator  
  157  11:02  Pylon  
  157  11:05  Pylon  
  157  11:15  Probe  
  158  11:20  Nexus  
  158  11:33  Probe x2  
  158  11:34  Probe  
  160  12:01  Carrier x2 (Chrono Boost)  
  172  12:02  Probe x2  
  172  12:03  Probe  
  172  12:08  Stalker x3  
  177  12:09  Stalker  
  177  12:14  Probe  
  142  13:02  Carrier x2 (Chrono Boost)  
  142  13:05  Dark Templar x3  
  156  13:06  Dark Templar  
  156  13:10  Probe  
  156  13:11  Probe x3  
  166  13:23  Probe  
  167  13:30  Stargate  
  167  13:31  Stargate  
  167  13:33  Stargate  
  167  13:36  Stargate, Probe x2  
  167  13:38  Stargate  
  169  13:41  Stargate  
  169  13:45  Pylon  
  169  13:48  Pylon  
  169  14:11  Probe  
  169  14:12  Probe  
  171  14:22  Probe  
  171  14:23  Probe x2  
  175  14:24  Probe  
  175  14:41  Tempest x3  
  175  14:42  Tempest x2  
  200  14:56  Nexus  
  200  14:59  Assimilator  
  200  15:02  Pylon  
  200  15:04  Pylon  
  125  16:34  Tempest x2 (Chrono Boost)  
  125  16:35  Tempest x4 (Chrono Boost)  
  122  17:27  Void Ray x3  
  122  17:28  Void Ray x3  
  98  18:26  Fleet Beacon  
  93  18:32  Void Ray x4 (Chrono Boost)  
  105  18:39  Void Ray x2 (Chrono Boost)  
  93  18:55  Probe  
  93  18:56  Probe  
  95  19:06  Void Ray x4 (Chrono Boost)  
  95  19:08  Probe  
  111  19:10  Probe x2  
  111  19:14  Void Ray  
  111  19:15  Void Ray  
  121  19:22  Probe  
  106  19:45  Nexus  
  101  19:49  Nexus  
  82  19:53  Nexus  
  82  19:56  Assimilator  
  86  20:00  Nexus, Assimilator  
  86  20:03  Assimilator  
  76  20:08  Assimilator  
Tags
 
Add a new tag
Caveats
  • Supply blocks, unpowered buildings, or Contaminate may cause inaccurate times.
  • Supply counts are checked every 10 seconds.